 Dungeon Crawl Stone Soup version 0.18-a0-1800-gdc7a371 (webtiles) character file.

231 TheGoonsmith the Grave Robber (level 5, -5/42 HPs)
             Began as a Deep Dwarf Necromancer on Apr 25, 2016.
             Slain by a mummy (16 damage)
             ... in an ossuary.
             The game lasted 00:07:33 (2080 turns).

TheGoonsmith the Grave Robber (DDNe)                Turns: 2080, Time: 00:07:34

Health: -5/42      AC:  2    Str: 12    XL:     5   Next: 72%
Magic:  10/10      EV:  7    Int: 16    God:
Gold:   142        SH:  0    Dex: 13    Spells: 3 memorised, 2 levels left

rFire  . . .     SeeInvis .     p - +0 flail
rCold  . . .     Gourm    .     a - +0 robe
rNeg   . . .     Faith    .     (no shield)
rPois  .         Spirit   .     (no helmet)
rElec  .         Dismiss  .     (no cloak)
rCorr  .         Reflect  .     (no gloves)
SustAt .         Harm     .     (no boots)
MR     .....                    (no amulet)
Stlth  ++........               (no ring)
                                t - ring of flight

@: non-regenerating, not resistant to hostile enchantments, unstealthy
A: damage resistance, recharge devices, sense surroundings 1, slow regeneration
3
a: Device Recharging, Evoke Flight


You were in an ossuary.
You were not hungry.

You visited 1 branch of the dungeon, and saw 4 of its levels.
You also visited: Ossuary.

You collected 142 gold pieces.

Inventory:

Hand Weapons
 n - a +0 club
 p - a +0 flail (weapon)
Armour
 a - a +0 robe (worn)
 q - a +0 scale mail
Jewellery
 t - a ring of flight (left hand)
Wands
 e - a wand of heal wounds (3/9)
Scrolls
 g - a scroll of remove curse
 s - a scroll of fear
Potions
 c - a potion of mutation {unknown}
 f - a potion of agility {unknown}
 l - a potion of lignification {unknown}
 m - a potion of curing
 v - a potion of magic {unknown}
Books
 b - a book of Necromancy

   Spells                             Type                      Level
   a - Pain                           Necromancy                   1
   b - Animate Skeleton               Necromancy                   1
   c - Vampiric Draining              Necromancy                   3
   d - Regeneration                   Charms/Necromancy            3
   e - Animate Dead                   Necromancy                   4
   f - Control Undead                 Necromancy                   4
Comestibles
 d - 3 bread rations
 h - 3 fruits
 i - a meat ration


   Skills:
 + Level 0.0 Maces & Flails
 - Level 2.1 Dodging
 - Level 2.4 Stealth
 - Level 3.4 Spellcasting
 - Level 6.6 Necromancy


You had 2 spell levels left.
You knew the following spells:

 Your Spells              Type           Power        Failure   Level  Hunger
a - Pain                  Necr           ###.         1%          1    None
x - Vampiric Draining     Necr           ###.......   3%          3    ###....
A - Animate Dead          Necr           N/A          12%         4    ####...


Dungeon Overview and Level Annotations

Branches:
Dungeon (4/15)
 Temple: D:4-7

Altars:
Nemelex Xobeh

Annotations:
D:3 Finnda's ghost, amateur MiBe


Innate Abilities, Weirdness & Mutations

You are resistant to damage.
You can recharge devices by infusing magical energy.
You passively map a small area around you.
You do not regenerate naturally.


Message History

There is a gate leading back out of this place here.
Casting: Vampiric Draining
Confirm with . or Enter, or press ? or * to list all spells.
You can't see any susceptible monsters within range! (Use Z to cast anyway.)
Casting: Vampiric Draining
Confirm with . or Enter, or press ? or * to list all spells.
Okay, then.
Okay, then.
There is a gate leading back out of this place here.
An arrow hits the mummy!
You hit the mummy.
The mummy is heavily damaged.
An arrow misses the mummy!
You hit the mummy.
The mummy is severely damaged.
An arrow hits the mummy!
The mummy barely misses you. The mummy hits you! The mummy hits you.
* * * LOW HITPOINT WARNING * * *
The mummy barely misses you. The mummy hits you!
You die...

*,+.....+,
#.....#*
+.....+
#.....#
,+.....+
*##...^.##*
#.......#
#...^...#
#...@^..#
#..MMM..#
#...∩...#
#.......#
#.......#
##.....##
#.....#
##...##
#####


You could see 3 mummies.

Vanquished Creatures
  A hound (D:4)
  Ijyb (D:2)
  Terence (D:2)
  Natasha (thrice) (D:2)
  2 adders (D:2)
  An ooze (D:1)
  2 worms (D:2)
  3 giant geckos
  2 ball pythons
  2 giant cockroaches (D:2)
  2 goblins (D:2)
  5 hobgoblins
  6 jackals
  3 quokkas (D:2)
  2 bats
  2 giant newts
  3 kobolds
  5 rats
46 creatures vanquished.

Notes
Turn   | Place    | Note
--------------------------------------------------------------
     0 | D:1      | TheGoonsmith the Deep Dwarf Necromancer began the quest for the Orb.
     0 | D:1      | Reached XP level 1. HP: 15/15 MP: 3/3
   151 | D:1      | Reached XP level 2. HP: 16/22 MP: 0/5
   712 | D:1      | Found a sparkling altar of Nemelex Xobeh.
   740 | D:2      | Reached skill level 5 in Necromancy
   740 | D:2      | Reached XP level 3. HP: 17/28 MP: 1/6
   791 | D:2      | Learned a level 3 spell: Vampiric Draining
   876 | D:2      | Noticed Terence
   899 | D:2      | Killed Terence
  1026 | D:2      | Reached XP level 4. HP: 19/36 MP: 3/8
  1073 | D:2      | Learned a level 4 spell: Animate Dead
  1120 | D:2      | Noticed Ijyb
  1145 | D:2      | Killed Ijyb
  1263 | D:2      | Found a sparkling altar of Nemelex Xobeh.
  1512 | D:2      | Noticed Natasha
  1515 | D:2      | Killed Natasha
  1515 | D:2      | Reached skill level 6 in Necromancy
  1515 | D:2      | Reached XP level 5. HP: 36/42 MP: 5/9
  1568 | D:2      | Noticed Natasha
  1573 | D:2      | Killed Natasha
  1578 | D:2      | Noticed Natasha
  1587 | D:2      | Killed Natasha
  1751 | D:3      | Noticed Finnda's ghost (amateur MiBe)
  1992 | D:4      | Noticed an ogre
  2060 | D:4      | Found a sand-covered staircase.
  2069 | Ossuary  | Entered an ossuary
  2080 | Ossuary  | Slain by a mummy

Vault maps used:
D:1:      saegor_arrival_simple_b, minmay_parallelograms,
          nemelex_diamond_rough_becter
D:2:      first_bread, nemelex_spade_bored_becter, uniq_terence, uniq_iyjb,
          uniq_natasha
D:3:      nicolae_ru_path_of_blood, okawaru_gym_becter, lemuel_doored_altar
D:4:      serial_bayou, serial_bayou_pond_c, serial_bayou_pond_b,
          serial_bayou_pond_d, serial_bayou_lake_a, serial_bayou_pond_d,
          serial_bayou_pond_b, chequers_ossuary_entry_cave, serial_bayou_pond_a,
          grunt_dithmenos_shadows
Ossuary:  ossuary_the_hunt_dpeg

Skill      XL: |  1  2  3  4 |
---------------+-------------+-----
Spellcasting   | 2 3 |  3.4
Necromancy     | 5 6 |  6.6
Dodging        | |  2.1
Stealth        | |  2.4

Action                   |  1- 3 |  4- 6 || total
-------------------------+-------+-------++-------
Melee: Unarmed           |    40 |       ||    40
       Club              |    22 |       ||    22
       Flail             |    12 |    14 ||    26
 Cast: Pain              |    43 |    38 ||    81
       Vampiric Draining |     2 |     7 ||     9
Evoke: Wand              |     1 |     1 ||     2
  Use: Scroll            |       |     8 ||     8
  Eat: Chunk             |     1 |     4 ||     5
Armor: Robe              |    12 |     1 ||    13
Dodge: Dodged            |    78 |    24 ||   102
